 Dungeon Crawl Stone Soup version 0.30.1-11-g7821555f0a (webtiles) character file.

Game seed: 2344514785624601853

51613 groovy9 the Severer (level 14, -54/130 HPs)
             Began as a Minotaur Berserker on Jan 13, 2024.
             Was a High Priest of Trog.
             Annihilated by a titanic slime creature (85 damage)
             ... on level 12 of the Dungeon.
             The game lasted 00:47:21 (16203 turns).

groovy9 the Severer (Minotaur Berserker)           Turns: 16203, Time: 00:47:21

Health: -54/130    AC: 22    Str: 27    XL:     14   Next: 24%
Magic:  0/13       EV: 13    Int:  9    God:    Trog [*****.]
Gold:   1885       SH:  0    Dex: 10    Spells: 13/13 levels left

rFire   + . .        D - +1 battleaxe of Discomfort {flame, rPois Int+2}
rCold   + . .        (shield currently unavailable)
rNeg    + . .        M - +3 chain mail {rC+}
rPois   +            I - +2 hat of Xom {Int+3 Slay+3}
rElec   .            (no cloak)
rCorr   .            k - +1 pair of gloves
SInv    .            y - +0 pair of boots
Will    +....        q - amulet of guardian spirit Stlth
                     p - ring of protection from fire
HPRegen 0.41/turn    R - ring of positive energy
MPRegen 0.13/turn

%: guardian spirit
@: no status effects
A: horns 2, retaliatory headbutt
a: Renounce Religion, Berserk, Trog's Hand, Brothers in Arms


You were on level 12 of the Dungeon.
You worshipped Trog.
Trog was extremely pleased with you.
You visited 3 branches of the dungeon, and saw 19 of its levels.
You also visited: Sewer.

You collected 1943 gold pieces.
You spent 58 gold pieces at shops.

Inventory:

Hand Weapons
 D - the +1 battleaxe of Discomfort (weapon) {flame, rPois Int+2}
   (You found it on level 1 of the Lair of Beasts)

   Int:       It affects your intelligence (+2).
   rPois:     It protects you from poison.
Armour
 k - a +1 pair of gloves (worn)
 y - a +0 pair of boots (worn)
 I - the +2 hat of Xom (worn) {Int+3 Slay+3}
   (You found it on level 8 of the Dungeon)

   Int:       It affects your intelligence (+3).
   Slay:      It affects your accuracy & damage with ranged weapons and melee
   (+3).
 M - a +3 chain mail of cold resistance (worn)
Jewellery
 p - a ring of protection from fire (left hand)
 q - an amulet of guardian spirit (around neck)
 R - a ring of positive energy (right hand)
Wands
 r - a wand of paralysis (28)
 x - a wand of flame (17)
 J - a wand of roots (15)
 N - a wand of polymorph (7)
Scrolls
 a - a scroll of butterflies {unknown}
 c - 4 scrolls of enchant armour
 e - 6 scrolls of fear
 h - a scroll of silence
 j - 4 scrolls of teleportation
 m - 6 scrolls of poison
 n - 3 scrolls of fog
 t - 8 scrolls of magic mapping
 w - a scroll of noise {unknown}
 z - 2 scrolls of immolation {unknown}
 A - a scroll of vulnerability
 B - a scroll of torment {unknown}
 C - 2 scrolls of blinking {unknown}
 F - 2 scrolls of enchant weapon {unknown}
 H - a scroll of amnesia {unknown}
 Q - a scroll of brand weapon {unknown}
Potions
 b - 4 potions of berserk rage
 d - 5 potions of flight
 f - 10 potions of degeneration
 g - 10 potions of curing
 i - 3 potions of ambrosia
 l - 3 potions of haste
 o - 3 potions of invisibility
 s - 2 potions of mutation
 u - 7 potions of heal wounds
 v - 2 potions of resistance
 E - a potion of attraction
 G - 2 potions of lignification
 O - a potion of might
Miscellaneous
 K - a phial of floods
 L - a box of beasts
 P - a phantom mirror


   Skills:
 + Level 13.8 Fighting
 * Level 18.7 Axes
 + Level 13.5 Armour
 + Level 12.5 Dodging
 + Level 3.8 Evocations


You had 13 spell levels left.
You didn't know any spells.
Your spell library was empty.

Dungeon Overview and Level Annotations

Branches:
Dungeon (12/15)            Temple (0/1) D:5            Lair (5/5) D:10
 Shoals (0/4) Lair:3       Spider (0/4) Lair:3        Slime (0/5) Lair:5
    Orc (2/2) D:10            Elf (0/3) Orc:2         Sewer (visited)

Altars:
Elyvilon
Sif Muna
Trog
Lugonu

Shops:
D:1 (   D:7 (   Orc:2 (=[**[

Portals:
Abyss: Lair:5


Innate Abilities, Weirdness & Mutations

You have a pair of horns on your head.
You reflexively headbutt those who attack you in melee.


Message History

You slice the titanic slime creature!! You burn the titanic slime creature!
You headbutt the titanic slime creature!
The titanic slime creature is severely wounded.
The titanic slime creature hits you!!!
You are too injured to fight recklessly!
You are too injured to fight recklessly!
You are too injured to fight recklessly!
You are too injured to fight recklessly!
You are too injured to fight recklessly!
You are too injured to fight recklessly!
You are too injured to fight recklessly!
You are too injured to fight recklessly!
You are too injured to fight recklessly!
You are too injured to fight recklessly!
You are too injured to fight recklessly!
You are too injured to fight recklessly!
You are too injured to fight recklessly!
You are too injured to fight recklessly!
You are too injured to fight recklessly!
You are too injured to fight recklessly!
You are too injured to fight recklessly!
You are too injured to fight recklessly!
You are too injured to fight recklessly!
You slash the titanic slime creature! You burn the titanic slime creature.
You headbutt the titanic slime creature.
The titanic slime creature is almost dead.
The titanic slime creature misses you.
You barely miss the titanic slime creature.
You headbutt the titanic slime creature.
The titanic slime creature is almost dead.
You slash the titanic slime creature! You burn the titanic slime creature.
The titanic slime creature is almost dead.
The titanic slime creature hits you!!!!
Ouch! That really hurt!
* * * LOW HITPOINT WARNING * * *
Okay, then.
Okay, then.
You feel much better. The titanic slime creature hits you!!!!
Ouch! That really hurt!
You die...

.# .###
#.<.#
...#
#...#
.#.#
###...###
.#.#
...8...
.#.#
.....
.#.# #
.9. .#.#
#.####J#
.#.#
#....#@#
...#
#...#
####
####.###
#....#
#.####
#.# #.#
#.# #.#


You could see a titanic slime creature and a gargoyle.

Vanquished Creatures
  Gastronok (D:11)
  An orc warlord (Orc:2)
  2 hydras
  2 centaur warriors (D:8)
  Erolcha (Orc:2)
  A boulder beetle (Lair:5)
  A death knight (D:8)
  6 two-headed ogres
  3 thrashing horrors (Lair:5)
  4 orc high priests (Orc:2)
  Sonja (D:11)
  2 skysharks
  5 orc knights (Orc:2)
  A deep elf pyromancer (D:8)
  2 ugly things (Lair:5)
  4 orc sorcerers (Orc:2)
  4 black mambas
  2 smoke demons (Lair:5)
  An unseen horror (D:9)
  12 cane toads
  4 rime drakes
  7 komodo dragons
  2 ancient zymes (Lair:5)
  11 trolls
  A meliai (shapeshifter) (D:8)
  4 blink frogs (Lair:5)
  6 dream sheep (Lair:5)
  A slime creature (D:12)
  4 ynoxinuls (Lair:5)
  A wyvern (shapeshifter) (D:8)
  2 shadows
  A wraith (D:9)
  A yak (shapeshifter) (Lair:5)
  A spriggan (Lair:5)
  2 vampires
  7 basilisks
  12 yaks
  4 wyverns
  A chaos spawn (Lair:5)
  2 vampire mosquitoes (D:12)
  An acid dragon (D:11)
  4 wargs (Orc:2)
  13 water moccasins
  A swamp drake (D:10)
  32 orc warriors
  Pargi (Sewer)
  3 sky beasts
  An ice beast (D:6)
  5 ogres
  An ogre (shapeshifter) (Lair:5)
  9 wolves
  3 black bears
  A centaur (D:10)
  A phantom (D:5)
  3 kobold brigands (D:9)
  12 bullfrogs
  13 small abominations (Lair:5)
  A gnoll sergeant (D:8)
  5 scorpions
  12 wights
  7 killer bees
  A troll skeleton (D:9)
  3 vampire bats (Lair:1)
  A howler monkey (D:11)
  5 spriggan skeletons (D:9)
  A gnoll bouda (D:5)
  4 hounds
  29 orc priests
  2 jellies
  4 sleepcaps
  3 iguanas
  Ijyb (D:5)
  38 orc wizards
  4 hell rats (Lair:4)
  Robin (D:5)
  15 gnolls
  9 adders
  A river rat (D:6)
  3 shadow imps
  2 white imps
  2 ufetubi (D:6)
  5 worms
  3 dart slugs
  90 orcs
  13 bats
  5 endoplasms
  7 giant cockroaches
  7 goblins
  10 hobgoblins
  14 jackals
  23 kobolds
  7 quokkas
  6 ball pythons
  A frilled lizard (D:2)
  7 rats
586 creatures vanquished.

Vanquished Creatures (others)
  A wizard (D:3)
  2 orcs (Orc:2)
3 creatures vanquished.

Grand Total: 589 creatures vanquished

Notes
Turn   | Place    | Note
-------+----------+-------------------------------------------
     0 | D:1      | groovy9 the Minotaur Berserker began the quest for the Orb.
     0 | D:1      | Reached XP level 1. HP: 19/19 MP: 0/0
   116 | D:1      | Reached XP level 2. HP: 27/27 MP: 1/1
   123 | D:1      | Found Ugiwk's Antique Weapon Shoppe.
   274 | D:1      | Reached skill level 4 in Axes
   284 | D:1      | Found a faded altar of an unknown god.
   825 | D:2      | Reached ** piety under Trog
   834 | D:2      | Reached XP level 3. HP: 32/33 MP: 2/2
   843 | D:2      | Reached XP level 4. HP: 40/40 MP: 3/3
  1316 | D:3      | Reached skill level 5 in Axes
  1322 | D:3      | Reached XP level 5. HP: 34/47 MP: 4/4
  1815 | D:3      | Found a bloodstained altar of Trog.
  1817 | D:3      | Noticed a wizard
  1828 | D:3      | Killed a wizard
  2254 | D:4      | Reached XP level 6. HP: 49/55 MP: 5/5
  2370 | D:4      | Reached skill level 6 in Axes
  2598 | D:4      | Reached skill level 5 in Fighting
  2761 | D:5      | Entered Level 5 of the Dungeon
  2814 | D:5      | Noticed Robin
  2822 | D:5      | Killed Robin
  2827 | D:5      | Reached *** piety under Trog
  2830 | D:5      | Noticed Ijyb
  2839 | D:5      | Killed Ijyb
  3035 | D:5      | Reached XP level 7. HP: 61/61 MP: 6/6
  3076 | D:5      | Reached skill level 7 in Axes
  3184 | D:5      | Reached skill level 5 in Armour
  3402 | D:5      | Reached XP level 8. HP: 57/70 MP: 7/7
  3700 | D:5      | Found a staircase to the Ecumenical Temple.
  3873 | D:6      | Reached skill level 8 in Axes
  3873 | D:6      | Reached skill level 5 in Dodging
  4177 | D:6      | Reached skill level 9 in Axes
  4324 | D:6      | Reached **** piety under Trog
  4331 | D:6      | Found a glowing drain.
  4342 | Sewer    | Entered a sewer
  4436 | Sewer    | Noticed Pargi
  4445 | Sewer    | Killed Pargi
  4731 | D:7      | Reached XP level 9. HP: 36/74 MP: 8/8
  5042 | D:7      | Reached skill level 10 in Axes
  5313 | D:7      | Found Giont's Weapon Shoppe.
  5503 | D:8      | Noticed a troll
  5524 | D:8      | Killed a troll
  5532 | D:8      | Reached skill level 11 in Axes
  5751 | D:8      | Found a shimmering blue altar of Sif Muna.
  6020 | D:8      | Noticed a death knight
  6029 | D:8      | Killed a death knight
  6030 | D:8      | Reached XP level 10. HP: 90/90 MP: 9/9
  6042 | D:8      | Noticed a two-headed ogre
  6049 | D:8      | Killed a two-headed ogre
  6050 | D:8      | Reached skill level 12 in Axes
  6210 | D:8      | Noticed a deep elf pyromancer
  6213 | D:8      | Noticed a centaur warrior
  6218 | D:8      | Killed a centaur warrior
  6262 | D:8      | Killed a deep elf pyromancer
  6308 | D:8      | Noticed a centaur warrior
  6314 | D:8      | Killed a centaur warrior
  6315 | D:8      | Reached skill level 13 in Axes
  6473 | D:8      | Found a transporter.
  6474 | D:8      | Found a transporter.
  6519 | D:8      | Identified the +2 hat of Xom {Int+3 Slay+3}
  6623 | D:9      | Noticed a two-headed ogre
  6633 | D:9      | Killed a two-headed ogre
  6634 | D:9      | Reached skill level 10 in Fighting
  6634 | D:9      | Reached XP level 11. HP: 87/99 MP: 10/10
  7280 | D:10     | Entered Level 10 of the Dungeon
  7505 | D:10     | Noticed a two-headed ogre
  7507 | D:10     | Noticed a two-headed ogre
  7512 | D:10     | Killed a two-headed ogre
  7514 | D:10     | Killed a two-headed ogre
  7515 | D:10     | Reached skill level 14 in Axes
  7515 | D:10     | Reached skill level 10 in Armour
  7530 | D:10     | Found a staircase to the Lair.
  7786 | D:10     | Found a staircase to the Orcish Mines.
  8110 | Orc:1    | Entered Level 1 of the Orcish Mines
  8246 | Orc:2    | Entered Level 2 of the Orcish Mines
  8359 | Orc:2    | Noticed an orc knight
  8369 | Orc:2    | Killed an orc knight
  8601 | Orc:2    | Found Voim's Assorted Antiques.
  8601 | Orc:2    | Noticed an orc knight
  8602 | Orc:2    | Noticed an orc knight
  8800 | Orc:2    | Reached skill level 15 in Axes
  8804 | Orc:2    | Noticed an orc knight
  8816 | Orc:2    | Killed an orc knight
  8817 | Orc:2    | Reached skill level 10 in Dodging
  8817 | Orc:2    | Reached XP level 12. HP: 32/110 MP: 11/11
  8823 | Orc:2    | Found Zeiteis's Antique Armour Shoppe.
  8982 | Orc:2    | Bought a scroll of identify for 58 gold pieces
  9005 | Orc:2    | Noticed Erolcha
  9020 | Orc:2    | Killed Erolcha
  9251 | Orc:2    | Found a staircase to the Elven Halls.
  9299 | Orc:2    | Noticed an orc high priest
  9299 | Orc:2    | Noticed an orc warlord
  9302 | Orc:2    | Killed an orc high priest
  9311 | Orc:2    | Killed an orc warlord
  9312 | Orc:2    | Reached skill level 16 in Axes
  9532 | Orc:2    | Noticed an orc high priest
  9539 | Orc:2    | Killed an orc high priest
  9575 | Orc:2    | Noticed an orc high priest
  9587 | Orc:2    | Killed an orc high priest
  9589 | Orc:2    | Reached ***** piety under Trog
  9717 | Orc:2    | Found Murhuesch's Antique Armour Shop.
  9718 | Orc:2    | Found Qappod's Antique Weapon Boutique.
  9719 | Orc:2    | Found Woq Heguri's General Store.
  9719 | Orc:2    | Found Cafis's Jewellery Shop.
  9945 | Orc:2    | Noticed an orc high priest
  9949 | Orc:2    | Killed an orc high priest
 10031 | Lair:1   | Entered Level 1 of the Lair of Beasts
 10236 | Lair:1   | Received a gift from Trog
 10243 | Lair:1   | Reached XP level 13. HP: 108/119 MP: 12/12
 10273 | Lair:1   | Identified the +1 battleaxe of Discomfort {flame, rPois
                  | Int+2}
 10931 | Lair:2   | Reached skill level 17 in Axes
 11938 | Lair:3   | You fall into a shaft and drop 2 floors!
 11938 | Lair:5   | Entered Level 5 of the Lair of Beasts
 12034 | Lair:3   | Found a hole to the Spider Nest.
 12056 | Lair:3   | Reached skill level 1 in Evocations
 12125 | Lair:3   | Found a staircase to the Shoals.
 13821 | Lair:5   | Reached skill level 18 in Axes
 14623 | Lair:5   | Reached XP level 14. HP: 122/129 MP: 13/13
 14660 | Lair:5   | Received a gift from Trog
 14717 | Lair:5   | Found a corrupted altar of Lugonu.
 14717 | Lair:5   | Found a one-way gate to the infinite horrors of the Abyss.
 14981 | Lair:5   | Found a staircase to the Slime Pits.
 15724 | D:11     | Noticed Sonja
 15728 | D:11     | Killed Sonja
 15769 | D:11     | Noticed Gastronok
 15780 | D:11     | Killed Gastronok
 16119 | D:12     | Found a white marble altar of Elyvilon.
 16203 | D:12     | Annihilated by a titanic slime creature

Illustrated notes

Levels and vault maps discovered:
D:1:      nicolae_arrival_somewhat_less_tricky_arrival, layout_basic,
          shapermc_ecumenical_altar_gd, serial_shops, shop,
          corexii_leaking_fountain, hex_medium
D:2:      layout_rooms, kennysheep_decorative_pillar
D:3:      layout_loops_ring, trog_wizard
D:4:      layout_rooms, kennysheep_orc_chapel
D:5:      minmay_spotlight, layout_basic, minmay_temple_entry_ruins,
          nicolae_goblin_pals
D:6:      layout_rooms, gup_sewer_entry_bubbles, minmay_misc_feat_secret_circle
D:7:      layout_cave_pools, serial_shops, shop
D:8:      gammafunk_beogh_shrine, layout_rooms, nicolae_sif_muna_condensation,
          minmay_evil_grid
D:9:      layout_cave_pools, hangedman_tell_no_tales
D:10:     layout_cave_pools, due_lair_maze_entry_diamond, erik_orc_1
D:11:     layout_loops_cross, uniq_gastronok, uniq_sonja
D:12:     layout_loops_ring, grunt_ministairs_15, nicolae_elyvilon_temple_path
Lair:1:   layout_long_grid, roderic_batcave, serial_bayou_shore_b,
          grunt_megastairs_3
Lair:2:   layout_loops_ring
Lair:3:   layout_hall_layers, shoals_dummy_entry, spider_nest_entry_web_field
Lair:4:   layout_gridlike, serial_bayou_shore_b
Lair:5:   hellmonk_lair_end_abyssal_woods, layout_cave_pods, slime_entry_1
Orc:1:    layout_diamond_mine, nicolae_orc_lava_room
Orc:2:    st_orc_congregation, layout_diamond_mine, guppyfry_orc_lava_fort,
          uniq_erolcha

Skill      XL: |  1  2  3  4  5  6  7  8  9 10 11 12 13 |
---------------+----------------------------------------+-----
Axes           | 4 5 6 7 9 11 13 15 16 18 | 18.7
Fighting       | 4 5 6 7 8 10 11 12 13 | 13.8
Armour         | 3 4 5 6 8 9 10 12 13 | 13.5
Dodging        | 3 4 6 7 8 10 11 12 | 12.5
Evocations     | 3 |  3.8

Action                     |  1- 3 |  4- 6 |  7- 9 | 10-12 | 13-15 || total
---------------------------+-------+-------+-------+-------+-------++-------
  Melee: Hand axe          |    44 |   142 |       |       |       ||   186
         Headbutt          |     5 |    23 |    51 |    46 |    68 ||   193
         Punch             |       |     1 |     4 |       |       ||     5
         War axe           |       |    31 |   279 |       |       ||   310
         Battleaxe         |       |       |       |   354 |   296 ||   650
 Invoke: Trog's Hand       |     1 |     1 |     8 |    19 |     4 ||    33
         Berserk           |     1 |     1 |     8 |    17 |     4 ||    31
    Use: Scroll            |       |     8 |       |     9 |     4 ||    21
         Potion            |       |       |       |     3 |     1 ||     4
   Stab: Invisible         |       |       |       |     1 |       ||     1
 Armour: Animal skin       |     7 |       |       |       |       ||     7
         Ring mail         |     2 |    63 |     4 |       |       ||    69
         Chain mail        |       |       |   103 |    44 |   155 ||   302
         Plate armour      |       |       |    49 |   248 |       ||   297
  Dodge: Dodged            |    37 |   100 |   162 |   200 |   176 ||   675
